[Event "E Women's Candidates Tournament 2022-23"]
[Site "Chess.com"]
[Date "2023.04.02"]
[Round "6"]
[White "Lei, Tingjie"]
[Black "Tan, Zhongyi"]
[Result "1-0"]
[WhiteElo "2545"]
[BlackElo "2526"]
[ECO "E05"]
[EventDate "2023.??.??"]
[Annotator "rafael"]
[PlyCount "115"]
[Beauty "6531881902658"]
[EventType "match"]
[EventRounds "4"]
[EventCountry "FID"]
[TimeControl "5400+30"]

1.d4 d5 2.c4 e6 3.Nf3 Nf6 4.g3 Be7 5.Bg2 O-O 6.O-O dxc4 7.Qa4 {7.Qc2 is the most popular move. The idea of the move played is to avoid 7...b5.} ( 7.Qc2 b5 $5 {[%c_effect b5;square;b5;type;Interesting;persistent;true] This is a currently fashionable move.} ) 7...a6 {The downside is that now White cannot play 8.a4, an option that is possible when the queen is on c2.} 8.Qxc4 b5 9.Qc2 Bb7 10.Bd2 Be4 11.Qc1 {One of the most important positions in the Catalan Opening, with thousands of games.} 11...Nc6 ( 11...c6 {Nowadays this is the move most often played in the elite. The idea is to develop the knight on d7 and then prepare the thematic c5 break. 11...Nbd7 immediately is also possible, but Black has to deal with the annoying reply 12.Ba5 $1} ) ( 11...Nbd7 12.Ba5 $1 ) 12.Be3 {Defending the d-pawn and preparing to develop the knight on d2.} 12...Rc8 {The idea is to get the rook off the unpleasant diagonal and support the future c7-c5 push.} 13.Rd1 Nd5 14.Nbd2 $1 {[%c_effect d2;square;d2;type;GreatFind;persistent;true] Accepting a change in the pawn structure.} 14...Nxe3 15.fxe3 Bxf3 16.exf3 $1 {[%c_effect f3;square;f3;type;GreatFind;persistent;true] The most accurate way of recapturing.} ( 16.Nxf3 {Black proved adequate counterplay in some correspondence games after} 16...Nb4 17.a3 Nd5 18.e4 Nb6 19.b4 c6 20.e3 a5 $1 ) 16...Nb4 {This new move was played after some thought; maybe Tan's preparation was over at this point.} ( 16...Na5 {is the critical move.} 17.Ne4 f5 18.Nc5 ( 18.Nc3 Qd6 19.e4 c5 {with a good position for Black in Eljanov-Van Foreest, Wijk aan Zee 2020.} ) 18...Bxc5 19.dxc5 Qf6 {with a lot of draws in several correspondence games.} ) 17.a3 {A good move, dispatching the knight. It's also possible to control the c5-square immediately.} ( 17.Nb3 c5 $1 {[%c_effect c5;square;c5;type;GreatFind;persistent;true] Here Black equalizes.} 18.dxc5 ( 18.Nxc5 Qb6 {Black will capture on c5 before White can play a3-b4.} ) 18...Qc7 ) ( 17.Ne4 Nd5 {leads to a complex positional game.} ) 17...Nd5 18.Nb3 f5 $6 {[%c_effect f5;square;f5;type;Inaccuracy;persistent;true] Tan wants to make it difficult for the e-pawn to advance, but this move creates weaknesses.} ( 18...c5 {This is an interesting pawn sacrifice suggested by the machine, but it's hard to evaluate Black's compensation after} 19.Nxc5 e5 20.b4 exd4 21.exd4 Bf6 ) ( 18...c6 {is the most solid choice.} 19.e4 Nb6 {White's position is a bit more comfortable, but nothing special.} ) 19.Rd3 ( 19.e4 $2 {[%c_effect e4;square;e4;type;Mistake;persistent;true] This is the move that Black wanted to avoid.} 19...fxe4 20.fxe4 Bg5 21.Qc6 Ne3 22.Qxe6+ Kh8 {with an active position and excellent compensation for the pawn.} ) ( 19.Re1 {is another way of protecting the e3-pawn and freeing the queen.} ) 19...Kh8 $6 ( 19...c6 {is better, avoiding the next move.} ) 20.Qc6 $1 {[%c_effect c6;square;c6;type;GreatFind;persistent;true] The position becomes dangerous for Black.} 20...Nb6 $1 {[%c_effect b6;square;b6;type;GreatFind;persistent;true] An excellent move, preparing counterplay before the position becomes passive.} ( 20...Qd6 21.Na5 {And Black starts to get suffocated.} ) 21.Na5 $6 ( 21.Qxe6 $4 {[%c_effect e6;square;e6;type;Blunder;persistent;true] loses the queen after} 21...Rf6 ) ( 21.f4 $1 {[%c_effect f4;square;f4;type;GreatFind;persistent;true] is the most accurate move, avoiding the move e6-e5 forever. White has a clear advantage.} ) 21...e5 $1 {[%c_effect e5;square;e5;type;GreatFind;persistent;true] Now the game becomes sharp.} 22.Rc1 $6 ( 22.Qc2 {is better, clearing the c6-square for the knight.} 22...exd4 23.Nc6 Qd6 24.f4 {White will capture on d4 with the pawn and has some advantage due to the better pawn structure.} ) 22...Bf6 23.Bh3 g6 24.d5 Bg7 $6 ( 24...e4 $1 {[%c_effect e4;square;e4;type;GreatFind;persistent;true] is the way to go. The game becomes chaotic after} 25.fxe4 Bxb2 ) 25.e4 $1 {[%c_effect e4;square;e4;type;GreatFind;persistent;true] White is better again since the center is stabilized and Black has many weaknesses.} 25...Qg5 26.Qc2 ( 26.Rc2 {is also possible, but the move played is a natural human reaction, bringing the queen to the defense.} ) 26...Rf7 27.Rf1 $6 {[%c_effect f1;square;f1;type;Inaccuracy;persistent;true] This is the wrong square for the rook.} ( 27.Re1 {And White can follow the plan of improving the a5-knight. The attack on the f-file is not dangerous for now.} ) 27...Rcf8 28.b3 $2 {[%c_effect b3;square;b3;type;Mistake;persistent;true] This is a blunder that should lose the game.} ( 28.Qe2 ) 28...Nc8 $2 {[%c_effect c8;square;c8;type;Mistake;persistent;true] Black misses a golden opportunity.} ( 28...fxe4 29.fxe4 Rxf1+ 30.Bxf1 Nxd5 $1 {[%c_effect d5;square;d5;type;GreatFind;persistent;true] This nice tactical shot decides the game. If the knight is not captured, it's coming to the attack, and Black is a pawn up.} 31.exd5 ( 31.Rxd5 Qe3+ 32.Kg2 Qf3+ 33.Kg1 Qxf1# ) 31...e4 {with a decisive attack.} 32.Rd1 Qe3+ 33.Kg2 ( 33.Kh1 Rf2 ) 33...Qf3+ 34.Kg1 ( 34.Kh3 Rf5 ) 34...Bd4+ $1 35.Rxd4 Qxf1# ) 29.Nb7 $1 {[%c_effect b7;square;b7;type;GreatFind;persistent;true] The knight is heading to e6.} 29...fxe4 30.fxe4 Rxf1+ 31.Bxf1 Qf6 32.Bh3 Qb6+ 33.Nc5 Nd6 34.Kh1 Rf7 35.Be6 Rf1+ $2 {[%c_effect f1;square;f1;type;Mistake;persistent;true] The last moves were quite logical, but this is a mistake. Black needs to play with precision to keep the balance.} ( 35...Rf8 $1 36.Kg2 ( 36.Nd7 $4 {[%c_effect d7;square;d7;type;Blunder;persistent;true] loses to} 36...Rf1+ 37.Kg2 Qg1+ 38.Kh3 Rf2 ) 36...Nc4 $1 {[%c_effect c4;square;c4;type;GreatFind;persistent;true] The game peters out to a draw after} 37.b4 ( 37.bxc4 Qxc5 ) 37...a5 38.Nd7 Ne3+ 39.Rxe3 Qxe3 40.Nxf8 Bxf8 41.bxa5 Bc5 ) 36.Kg2 Ra1 ( 36...Rf8 $2 {[%c_effect f8;square;f8;type;Mistake;persistent;true] This is not possible anymore.} 37.Nd7 ) 37.Qf2 ( 37.Rf3 $1 {[%c_effect f3;square;f3;type;GreatFind;persistent;true] is a more accurate way of controlling the open file.} 37...Rxa3 38.Nd7 $1 {[%c_effect d7;square;d7;type;GreatFind;persistent;true] The point is that this move is possible now.} 38...Qa7 39.Qb2 b4 40.Nxe5 {White threatens 41.Rf8+ and has a decisive attack.} ) 37...Rxa3 38.Rf3 Qb8 $6 ( 38...h5 $1 {[%c_effect h5;square;h5;type;GreatFind;persistent;true] is the only way to defend, but it's a computer-like defense. No human wants to allow the check on f8.} 39.Rf8+ ( 39.g4 Qa5 $1 {[%c_effect a5;square;a5;type;GreatFind;persistent;true] Black is in time to create counterplay.} 40.Kh3 Ra2 41.Qg3 Qd2 42.gxh5 Rc2 {with a total mess on board.} ) ( 39.Kh3 $5 {[%c_effect h3;square;h3;type;Interesting;persistent;true] is a cunning prophylactic move.} 39...Ra2 $1 40.Qxa2 Qxc5 {Black has some practical chances after the exchange sacrifice.} ) 39...Kh7 40.Bg8+ Kh8 $1 {[%c_effect h8;square;h8;type;GreatFind;persistent;true] Surprisingly Black is not losing immediately.} ) 39.Bd7 $6 ( 39.Nd7 $1 {[%c_effect d7;square;d7;type;GreatFind;persistent;true] is a simpler way of winning.} 39...Qe8 40.Nxe5 ) 39...h6 40.Ne6 Qb6 41.Qb2 $6 ( 41.Qf1 $1 {[%c_effect f1;square;f1;type;GreatFind;persistent;true] leads to a study-like win after} 41...Ra2+ 42.Kh3 Nxe4 43.Rf8+ Kh7 44.Qf7 Qxe6+ ( 44...Nf2+ 45.Kh4 $1 g5+ 46.Kh5 {The checks are over.} ) 45.dxe6 $1 Ng5+ 46.Kg4 Nxf7 47.Rxf7 {The passed pawn decides the game.} ) 41...Qa5 42.Rf2 $1 {[%c_effect f2;square;f2;type;GreatFind;persistent;true] It's necessary to avoid 42...Ra2.} 42...Nxe4 ( 42...Qb4 {is probably a better chance, but White eventually wins after} 43.Nxg7 Rxb3 44.Qxe5 Qxe4+ 45.Qxe4 Nxe4 46.Rf7 Rb2+ 47.Kf1 $1 {[%c_effect f1;square;f1;type;GreatFind;persistent;true] The only square available. The endgame is winning after some accurate moves, for instance:} 47...b4 48.Re7 $1 b3 49.Rxe4 Rxh2 50.Ne6 b2 51.Rb4 b1=Q+ 52.Rxb1 Rh1+ 53.Ke2 Rxb1 54.Nxc7 {Black will be unable to stop the d-pawn.} ) 43.Qc2 $1 Qe1 ( 43...Nxf2 44.Qxg6 {leads to a winning attack.} ) ( 43...Qb4 44.Re2 Nf6 45.Qxg6 Qe7 ( 45...Qg4 46.Qxg4 Nxg4 47.Nxc7 $1 ( 47.Nxg7 $2 {[%c_effect g7;square;g7;type;Mistake;persistent;true] Not this one.} 47...Nf6 {Black regains the piece.} ) 47...Nf6 48.Bf5 $1 {[%c_effect f5;square;f5;type;GreatFind;persistent;true] Followed by the advance of the d-pawn.} ) 46.Rf2 $1 Qxd7 ( 46...Nxd7 47.Rf7 ) 47.Rxf6 Bxf6 48.Qxf6+ Kg8 49.Qg6+ Kh8 50.Qxh6+ Kg8 51.Qg5+ Kh8 52.Qxe5+ Kg8 53.Qg5+ Kh8 54.Qh6+ Kg8 55.Qf8+ Kh7 56.Ng5+ Kg6 57.Qxa3 Kxg5 58.h4+ $18 {With a winning queen endgame.} ) 44.Re2 $1 Qc3 45.Qxe4 {White has a material advantage and a mating attack.} 45...Rxb3 46.Qxg6 Qf3+ 47.Kh3 Qf1+ 48.Rg2 Qf6 49.Qxf6 Bxf6 50.Rf2 Bg5 51.Kg4 e4 52.Rf8+ Kh7 53.h4 ( 53.d6 $5 cxd6 54.Bc6 {Black will soon be mated.} ) 53...Bd2 54.Nd4 Kg7 55.Nxb3 Kxf8 56.Nxd2 e3 57.Nf3 Ke7 58.Bc6 {What a fantastic match we're witnessing. All games so far have been hard-fought and interesting, some of them so complex that they need many hours of analysis to be understood. I can hardly wait for the next games.} 1-0

[Event "E Women's Candidates Tournament 2022-23"]
[Site "Chess.com"]
[Date "2023.04.03"]
[Round "5"]
[White "Tan, Zhongyi"]
[Black "Lei, Tingjie"]
[Result "0-1"]
[WhiteElo "2526"]
[BlackElo "2545"]
[ECO "D05"]
[EventDate "2023.??.??"]
[Annotator "rafael"]
[PlyCount "76"]
[Beauty "7769864282188"]
[EventType "match"]
[EventRounds "4"]
[EventCountry "FID"]
[TimeControl "5400+30"]

1.d4 d5 2.Nf3 Nf6 3.e3 e6 4.Bd3 c5 5.b3 {Many strategies are possible when you desperately need to win playing with the white pieces. One of them is to avoid a theoretical discussion in the opening and play something that keeps tension on the board. While this strategy will fail in today's example, it has been used many times successfully. Perhaps the most emblematic case is Kasparov's victory to save the 1987 match against Karpov in Seville.} 5...Nc6 6.Bb2 cxd4 7.exd4 g6 $5 {[%c_effect g6;square;g6;type;Interesting;persistent;true] An interesting move, preparing the development of the bishop on g7, where it will be well placed if Black manages to castle. The conventional 7...Bd6 is the most popular move.} ( 7...Bd6 ) 8.O-O Bg7 9.Ba3 $1 {[%c_effect a3;square;a3;type;GreatFind;persistent;true] This is the only possible problem for Black's plan. If she wants to castle quickly, then the bishop needs to get back to f8. But a more aggressive plan is possible.} 9...Ne4 $1 10.Re1 $6 {[%c_effect e1;square;e1;type;Inaccuracy;persistent;true] This is a new move, and I'm not sure it helps White very much, since Black wants to play f5 anyway, and the rook is not going to do anything particularly useful on e1.} ( 10.Bb5 Bd7 11.c4 a6 {Black was fine in Edouard-Cornette, Chartres 2019.} ( 11...Qb6 $5 ) ) ( 10.c3 {is too passive for my taste, although it was played by a legend.} 10...f5 11.Bb5 Bd7 12.Qe2 Rc8 13.Bxc6 Rxc6 ( 13...Bxc6 {is better.} ) 14.Qe3 Qb6 {with a good position for Black in Petrosian-Sunye Neto, Las Palmas 1982.} ) ( 10.c4 $5 {[%c_effect c4;square;c4;type;Interesting;persistent;true] is my favorite move. Interestingly, it has never been tried before.} 10...f5 ( 10...Nxd4 $2 {[%c_effect d4;square;d4;type;Mistake;persistent;true] This is too greedy. White gets a decisive initiative.} 11.cxd5 $1 Nxf3+ 12.Qxf3 exd5 ( 12...Bxa1 13.Bb5+ Bd7 14.dxe6 $1 fxe6 15.Qxe4 {with a winning attack.} ) 13.Nd2 $1 {[%c_effect d2;square;d2;type;GreatFind;persistent;true] White is winning in all lines.} 13...Bxa1 ( 13...Nxd2 14.Rfe1+ Be6 15.Bb5+ ) 14.Nxe4 {Black will soon resign.} ) 11.cxd5 exd5 12.Bb5 {with a complicated fight.} ) 10...f5 11.c3 $6 {[%c_effect c3;square;c3;type;Inaccuracy;persistent;true] Petrosian's plan is tried in a slightly worse situation.} ( 11.Bb5 {is better. It's important to understand that this move is fundamental for White. It guarantees an active game and gives the possibility to capture the knight and then play Ne5. Without this plan, White runs the risk of becoming passive, which will happen in the game.} 11...Bd7 12.c4 {with chances for both sides.} ) 11...Bd7 ( 11...a6 $5 {[%c_effect a6;square;a6;type;Interesting;persistent;true] This move deserves consideration, avoiding Bb5 forever.} ) 12.Qc2 $6 ( 12.Bb5 $1 {[%c_effect b5;square;b5;type;GreatFind;persistent;true] again this is necessary.} ) 12...Rc8 13.Qb2 g5 $1 {[%c_effect g5;square;g5;type;GreatFind;persistent;true] Black won the opening battle and has easy play on the kingside. White, on the other hand, is out of counterplay.} 14.Nfd2 g4 15.Nxe4 fxe4 16.Bf1 {Desperate situations call for desperate measures. Perhaps it was a case of changing the pattern of the game by sacrificing a piece. Is the compensation enough $2 Certainly not, but the position is much more fun to play.} ( 16.Bxe4 $1 dxe4 17.Nd2 Ne7 $1 {[%c_effect e7;square;e7;type;GreatFind;persistent;true] Necessary in order to castle.} 18.Nxe4 O-O 19.Rad1 {White has some practical chances.} ) 16...Qf6 ( 16...Ne7 {This is a good move, preparing to castle.} ) 17.Qe2 ( 17.Nd2 {is better.} ) 17...h5 18.Nd2 Bf8 {A good move, exchanging bishops in order to castle.} ( 18...Ne7 {also keeps a much better position.} ) 19.Bb2 ( 19.Bxf8 {I'd rather exchange bishops, although it doesn't help much, as White is still without a plan after} 19...Rxf8 ) 19...Bd6 20.Rad1 O-O ( 20...g3 $1 {[%c_effect g3;square;g3;type;GreatFind;persistent;true] is an immediate kill. Black sacrifices a pawn to create a decisive attack.} 21.f3 ( 21.hxg3 h4 {The h-file is deadly.} ) ( 21.fxg3 h4 22.gxh4 ( 22.g4 Qf4 23.g3 hxg3 24.h3 O-O 25.Bg2 Qf2+ 26.Kh1 Ne7 {White is paralyzed.} ) 22...Bxh2+ {The simplest, but anything wins.} 23.Kxh2 Qxh4+ 24.Kg1 Qh2+ 25.Kf2 O-O+ 26.Nf3 ( 26.Ke3 Qf4# ) 26...Rxf3+ {winning the queen and the game.} ) 21...e3 22.Qxe3 Bf4 23.Qd3 gxh2+ 24.Kh1 Ne7 $19 ) 21.g3 Nd8 $1 {[%c_effect d8;square;d8;type;GreatFind;persistent;true] A strong nice maneuver. Black improves her position while White can't do much.} 22.Bg2 ( 22.h4 {This is another desperate attempt.} 22...gxh3 23.Bxh3 Nf7 {Now White can try to sacrifice a pawn with} 24.f4 $5 {[%c_effect f4;square;f4;type;Interesting;persistent;true] but Black has a decisive advantage after} 24...exf3 25.Nxf3 Bxg3 26.Rf1 Ng5 27.Nxg5 Qxg5 ) 22...Nf7 23.Nf1 Ng5 24.Ne3 Nf3+ 25.Bxf3 gxf3 26.Qf1 h4 27.g4 h3 $1 ( 27...Qf4 28.Qh3 ) 28.Kh1 ( 28.Qxh3 {loses after} 28...Rf7 {Followed by placing the rook on the h-file.} ) 28...Rf7 29.c4 Qh4 {The plan is to double rooks on the g-file and then capture the g4-pawn.} 30.Bc1 Rg7 31.Qg1 Kh7 32.cxd5 ( 32.Nf1 $1 {[%c_effect f1;square;f1;type;GreatFind;persistent;true] The only chance left is to try to defend sacrificing the g4-pawn and bringing the knight to g3.} 32...Rxg4 33.Ng3 {Black certainly has a winning position, but there's no mating attack in the short term.} ) 32...exd5 33.Nxd5 Rxg4 34.Rxe4 {One last attempt, but Lei settles the match with some precise moves.} 34...Rxg1+ 35.Rxg1 Qxf2 {The only move, but another one is not necessary.} ( 35...Qxe4 $4 36.Nf6+ ) 36.Bf4 ( 36.Nf6+ Kh8 ) 36...Qg2+ {A safe and good decision.} ( 36...Rc1 {is the quickest road to mate.} 37.Nf6+ ( 37.Rxc1 Qg2# ) ( 37.Bxc1 Qxh2# ) 37...Kh8 ) 37.Rxg2 hxg2+ 38.Kg1 Bxf4 {The rook is coming to c1.} 0-1